Cogmind - Beta 14 @@@ ROGUE MODE // 2024.10.29 @ 19:38:07 Player: Longball Result: Destroyed by B-75 Beast with Magnetic Acceleration Cannon Performance ------------- Evolutions (3) 1500 Regions Visited (5) 1000 Robots Destroyed (85) 425 Value Destroyed (2971) 2971 Prototype IDs (14) 280 Alien Tech Used (0) 0 Bonus (159) 159 TOTAL SCORE: 6335 Bonus ------- High Alert Combat Kills 159 Cogmind --------- Core Integrity 0/700 Matter 263/300 Energy 69/100 System Corruption 3% Temperature Cool (12) Movement Core (50) Location -7/Lower Caves Parts ------- > --- POWER (1) -------- (None) > --- PROPULSION (4) --- (None) > --- UTILITY (6) ------ Improved Terrain Scan Processor Improved Targeting Computer Target Analyzer > --- WEAPON (2) ------- Makeshift Spear > --- INVENTORY (5) ---- Light Angular Momentum Engine ECM Suite Peak State ------------ > --- POWER ------------ Ion Engine Meta Core > --- PROPULSION ------- Wheel Armored Wheel Armored Wheel Subdweller Monowheel > --- UTILITY ---------- Terrain Scanner Improved Terrain Scan Processor ECM Suite Makeshift Light Armor Plating Scrap Shield > --- WEAPON ----------- Powered Cannon Makeshift Shrapnel Gun > --- INVENTORY -------- Subdweller Power Source Subdweller Optics Subdweller Shrapnel Launcher Makeshift Spear Scrap Shield Fragment [Rating: 53] Favorites ----------- Power Ion Engine Engine Ion Engine Power Core Meta Core Propulsion Aluminum Leg Treads Light Treads Leg Aluminum Leg Wheel Armored Wheel Utility Improved Terrain Scan Processor Device Improved Terrain Scanner Storage Small Storage Unit Processor Improved Terrain Scan Processor Hackware Hacking Suite Protection Makeshift Light Armor Plating Weapon Light Cannon Energy Gun Gatling Laser Energy Cannon Powered Cannon Ballistic Gun Makeshift Shrapnel Gun Ballistic Cannon Light Cannon Launcher Subdweller Shrapnel Launcher Slashing Weapon Mining Claw Piercing Weapon Makeshift Spear Build | -11 -10 -10 -8 -7 -7 ------- Run | Yrd Mat Sub Mat Fac Low Slots Evolved 6 | . . . 4 2 . Power . | . . . . . . Propulsion 2 | . . . 1 1 . Utility 4 | . . . 3 1 . Weapon . | . . . . . . Parts Attached 75 | 7 12 13 13 19 11 Power 7 | 1 1 4 . . 1 Engine 6 | 1 1 3 . . 1 Core 1 | . . 1 . . . Reactor . | . . . . . . Propulsion 23 | 2 3 3 4 9 2 Treads 1 | . . . . . 1 Leg 18 | 2 3 . 3 9 1 Wheel 4 | . . 3 1 . . Hover . | . . . . . . Flight . | . . . . . . Utility 18 | 2 1 3 7 4 1 Device 7 | 1 . 1 3 1 1 Storage 1 | 1 . . . . . Processor 5 | . 1 . 1 3 . Hackware 1 | . . . 1 . . Protection 4 | . . 2 2 . . Artifact . | . . . . . . Weapon 27 | 2 7 3 2 6 7 Energy Gun 2 | . . . . . 2 Energy Cannon 1 | . . 1 . . . Ballistic Gun 7 | 2 1 2 1 1 . Ballistic Cannon 9 | . 5 . . 3 1 Launcher 2 | . . . . . 2 Special Weapon . | . . . . . . Impact Weapon . | . . . . . . Slashing Weapon 1 | . 1 . . . . Piercing Weapon 5 | . . . 1 2 2 Special Melee Weapon . | . . . . . . Unidentified Prototypes 4 | . . 1 2 . 1 Parts Lost 34 | . 1 6 8 6 13 Power 4 | . 1 1 1 . 1 Propulsion 11 | . . 2 3 2 4 Utility 11 | . . 2 3 3 3 Weapon 8 | . . 1 1 1 5 Highest Loss Streak 9 | . 1 3 4 4 9 To Critical Strikes . | . . . . . . Average Slot Usage (%) 89 | . 99 85 84 95 84 Engine 10 | . 13 18 5 . 2 Core 3 | . . . 6 6 4 Leg 16 | . 28 9 1 28 18 Wheel 9 | . . 15 24 1 . Device 10 | . 14 8 13 11 2 Processor 13 | . 13 9 5 19 26 Hackware 2 | . . . . 6 7 Protection 3 | . . 3 11 . . Energy Cannon 3 | . . 7 5 . . Ballistic Gun 3 | . 1 . 7 7 . Ballistic Cannon 10 | . 25 10 . 5 3 Peak Build Rating 53 | 9 10 45 53 47 51 Average Rating 29 | 5 9 21 49 44 39 On Entrance 24 | . 9 10 45 42 41 Naked Turns . | . . . . . . Heaviest Build 48 | 13 14 42 48 21 19 Greatest Support 55 | 20 20 44 54 55 48 Greatest Overweight (x) 3 | . . 3 1 . 1 Average Overweight (x) . | . . . . . . Largest Inventory Capacity 8 | 8 8 5 5 5 5 Average Capacity 5 | 7 5 5 5 5 5 Most Carried 7 | 6 7 5 5 5 5 Average Carried 4 | 4 5 4 4 4 4 Final Capacity 8 | 8 5 5 5 5 5 Final Carried 6 | 6 5 5 5 5 2 Class Distribution -------------------- 44% | Scavenger-Mutant 39% | Mutant 11% | Scavenger-Tank 3% | Subdweller-Tank Dominant Class ---------------- Mutant | -10/Materials Mutant | -10/Subcaves Scavenger-Tank | -8/Materials Scavenger-Mutant | -7/Factory Scavenger-Mutant | -7/Lower Caves Resources | -11 -10 -10 -8 -7 -7 ----------- Run | Yrd Mat Sub Mat Fac Low Matter Collected 2154 | 324 190 432 359 651 198 Remotely . | . . . . . . Salvage Created 2911 | 135 227 476 966 992 115 Parts 195 | 5 35 31 75 47 2 Haulers Intercepted . | . . . . . . Recyclers Shooed 3 | 1 . . 1 1 . Parts Field Recycled . | . . . . . . Retrieved Matter . | . . . . . . Parts Self-Destructed 3 | . . 3 . . . Prevented . | . . . . . . Kills | -11 -10 -10 -8 -7 -7 ------- Run | Yrd Mat Sub Mat Fac Low Combat Hostiles Destroyed 69 | . 10 13 21 21 4 Melee 8 | . . . 3 4 1 Guns 10 | . . . 5 5 . Cannons 42 | . 10 10 12 10 . AOE 5 | . . . . 2 3 Classes Destroyed 14 | 2 4 2 4 2 . Worker 3 | . . . 1 2 . Builder 3 | . 1 . 2 . . Tunneler 2 | 2 . . . . . Recycler 2 | 1 . . . 1 . Operator 1 | . . . 1 . . Watcher 5 | . 2 . 3 . . Swarmer 12 | . 6 . 6 . . Grunt 30 | . 4 . 6 17 3 Brawler 1 | . . . 1 . . Duelist 1 | . . . . 1 . Sentry 10 | . . 1 7 1 1 Hunter 2 | . . . 1 1 . Programmer 1 | . . . . 1 . Subdweller 12 | . . 12 . . . Best Kill Streak 5 | 3 3 3 5 5 3 Combat Bots Only 4 | . 3 3 3 4 3 Max Kills in Single Turn 2 | 1 2 1 2 2 2 Gunslinging . | . . . . . . Exploded 2 | . . . . 2 2 Melee 1 | . . . 1 1 1 Uniques/NPCs Destroyed . | . . . . . . Combat | -11 -10 -10 -8 -7 -7 -------- Run | Yrd Mat Sub Mat Fac Low Hostile Shots Fired 438 | . 47 45 104 132 110 Missed 123 | . 11 12 23 54 23 Damage Taken 4791 | . 313 761 1205 1108 1404 Core 1059 | . 50 105 194 168 542 Absorbed by Shields 56 | . . . . . 56 Regen/Repaired (Parts) 98 | . 76 . 22 . . Core Remaining (%) 67 | 100 . 38 64 . . Volleys Fired 215 | 11 26 61 52 48 17 Largest 2 | 2 2 2 2 2 2 Hottest 143 | 40 70 70 64 72 143 Shots Fired 363 | 22 52 78 96 91 24 Gun 139 | 22 4 5 49 43 16 Cannon 217 | . 48 73 47 48 1 Launcher 7 | . . . . . 7 Special . | . . . . . . Kinetic 255 | 22 52 33 49 91 8 Thermal 108 | . . 45 47 . 16 Explosive . | . . . . . . Electromagnetic . | . . . . . . Robot Hit Streak 20 | 9 4 20 8 7 18 Robot Miss Streak 8 | 3 5 2 8 8 2 Penetration Max 1 | . . . . 1 . Secondary Targets . | . . . . . . Shots Hit Robots 247 | 14 20 50 63 72 28 Core Hits 143 | 4 12 15 39 61 12 Critical Kills 7 | . . 3 2 2 . Critical Parts Destroyed 2 | . . . 1 1 . Critical Strikes 22 | . 2 3 4 10 3 Burn 1 | . . . . . 1 Meltdown 5 | . . 3 2 . . Destroy 4 | . . . 1 3 . Blast 9 | . 2 . . 7 . Impale 3 | . . . 1 . 2 Melee Attacks 40 | . 1 . 14 14 11 Impact . | . . . . . . Slashing 1 | . 1 . . . . Piercing 39 | . . . 14 14 11 Sneak Attacks 1 | . . . 1 . . Combat Hostiles . | . . . . . . Follow-up Attacks . | . . . . . . Damage Inflicted 7421 | 176 379 1410 2240 1987 1229 Guns 1710 | 176 28 54 552 570 330 Cannons 4024 | . 351 1356 1439 853 25 Explosions 864 | . . . . 229 635 Melee 821 | . . . 247 335 239 Ramming 2 | . . . 2 . . Kinetic 3620 | 176 379 430 552 1423 660 Thermal 2749 | . . 980 1439 . 330 Explosive . | . . . . . . Electromagnetic 229 | . . . . 229 . Impact . | . . . . . . Slashing . | . . . . . . Piercing 821 | . . . 247 335 239 Highest Corruption 3 | . 2 2 . 3 3 Average Corruption 2 | . 2 2 . 2 3 Corruption Purged . | . . . . . . Corruption Blocked . | . . . . . . Effects 50 | . 3 27 . 9 11 Message Errors 13 | . . 8 . 2 3 Matter Fused 15 | . . 8 . 4 3 Heat Flow Errors 7 | . . 4 . 1 2 Energy Discharges 9 | . 2 5 . 1 1 Data Loss (minor) 5 | . 1 2 . 1 1 Alerts 1 | . . . . . 1 Overload Shots . | . . . . . . Overflow Damage 130 | . . . 126 2 2 Projectiles 119 | . . . 117 2 . Explosions 2 | . . . . . 2 Melee 9 | . . . 9 . . Knockbacks 17 | . 4 5 . 8 . Impact . | . . . . . . Kinetic 17 | . 4 5 . 8 . Secondary . | . . . . . . Self-Inflicted Damage 1 | . . . 1 . . Shots . | . . . . . . Rammed 1 | . . . 1 . . Targets Rammed 2 | . . . 1 1 . Kicked 1 | . . . . 1 . Crushed . | . . . . . . Highest Temperature 320 | . 45 246 320 252 280 Average Temperature 67 | . 18 48 70 68 143 Received Heat Transfer 1554 | . 24 189 540 525 276 Effects 4 | . . . 2 . 2 Energy Bleed 1 | . . . 1 . . Interference 2 | . . . . . 2 Short Circuit 1 | . . . 1 . . Siege Activations . | . . . . . . Robots Corrupted . | . . . . . . Combat Hostiles . | . . . . . . Parts Fried 1 | . . . . 1 . Impact Corruptions . | . . . . . . Robots Melted 5 | . . 3 2 . . Combat Hostiles 4 | . . 3 1 . . Parts Melted 6 | . . 3 3 . . Heat Transferred 757 | . . . . . 757 Parts Sabotaged . | . . . . . . Parts Stolen . | . . . . . . Parts Stripped . | . . . . . . Power Chain Reactions . | . . . . . . Alert | -11 -10 -10 -8 -7 -7 ------- Run | Yrd Mat Sub Mat Fac Low Peak Influence 639 | 15 160 . 443 639 . Initial 200 | . 9 . . 200 . Average 186 | 5 32 . 240 361 . Maximum Alert Level 2 | . . . 2 2 . Low Security (%) 53 | 100 100 . 37 . . Level 1 33 | . . . 47 68 . Level 2 13 | . . . 14 31 . Level 3 . | . . . . . . Level 4 . | . . . . . . Level 5 . | . . . . . . High Security . | . . . . . . Max Security . | . . . . . . Squads Dispatched 6 | . . . 2 4 . Investigation 2 | . . . . 2 . Extermination 1 | . . . . 1 . Reinforcement 3 | . . . 2 1 . Assault . | . . . . . . Garrison . | . . . . . . Intercept . | . . . . . . Searches Triggered . | . . . . . . Construction Impeded . | . . . . . . Haulers Reinforced . | . . . . . . Active Scanning Responses . | . . . . . . Cargo Convoy Interrupts . | . . . . . . Stealth | -11 -10 -10 -8 -7 -7 --------- Run | Yrd Mat Sub Mat Fac Low Distress Signals 5 | . 1 . 2 2 . Communications Jammed . | . . . . . . Distress Signals . | . . . . . . Times Spotted 110 | . 18 16 30 40 6 Peak Tracking Total 5 | . 4 3 4 5 4 Tactical Retreats 7 | . . 1 2 3 1 Traps | -11 -10 -10 -8 -7 -7 ------- Run | Yrd Mat Sub Mat Fac Low Traps Triggered 2 | . 1 . . 1 . Indirectly . | . . . . . . Trap Hack Attempts . | . . . . . . Triggered . | . . . . . . Disarmed . | . . . . . . Reprogrammed . | . . . . . . Reused . | . . . . . . Traps Extracted . | . . . . . . Installed . | . . . . . . Triggered . | . . . . . . Machines | -11 -10 -10 -8 -7 -7 ---------- Run | Yrd Mat Sub Mat Fac Low Machines Disabled 12 | . . 1 4 7 . Max in Single Turn 3 | . . 1 1 3 . Machines Repaired . | . . . . . . Machines Dismantled . | . . . . . . Machines Sabotaged . | . . . . . . Overloaded Fab Kills . | . . . . . . Hacking | -11 -10 -10 -8 -7 -7 --------- Run | Yrd Mat Sub Mat Fac Low Machines Accessed 13 | . 4 1 4 4 . Terminals 8 | . 3 . 2 3 . Fabricators . | . . . . . . Repair Stations 3 | . 1 . 1 1 . Recycling Units . | . . . . . . Scanalyzers 1 | . . . 1 . . Garrison Access . | . . . . . . Total Hacks 45 | . 16 5 10 14 . Successful 27 | . 12 5 7 3 . Failed 18 | . 4 . 3 11 . Catastrophic 1 | . . . . 1 . Database Lockouts . | . . . . . . Manual 9 | . 4 . 3 2 . Terminals 29 | . 14 . 3 12 . Fabricators . | . . . . . . Repair Stations 6 | . 2 . 2 2 . Recycling Units . | . . . . . . Scanalyzers 5 | . . . 5 . . Garrison Access . | . . . . . . Terminal Hacks 14 | . 6 5 . 3 . Record 4 | . . 4 . . . Branch Access Points 2 | . 1 . . 1 . Terminal Index 1 | . . . . 1 . Alert Level 2 | . 1 . . 1 . Locate Traps 2 | . 2 . . . . Zone Layout 2 | . 2 . . . . Derelict Proto ID Bank 1 | . . 1 . . . Fabricator Hacks . | . . . . . . Repair Station Hacks 4 | . 2 . 2 . . Scan Component 2 | . 1 . 1 . . Repair 2 | . 1 . 1 . . Recycling Unit Hacks . | . . . . . . Scanalyzer 4 | . . . 4 . . Insert Component 2 | . . . 2 . . Analyze 2 | . . . 2 . . Garrison Access Hacks . | . . . . . . Unauthorized Hacks 5 | . 4 . 1 . . Terminals 5 | . 4 . 1 . . Track 1 | . 1 . . . . Botnet 4 | . 3 . 1 . . Fabricators . | . . . . . . Repair Stations . | . . . . . . Recycling Units . | . . . . . . Scanalyzers . | . . . . . . Garrison Access . | . . . . . . Data Cores Recovered 1 | . . . 1 . . Used . | . . . . . . Hacking Detections 11 | . 4 . 3 4 . Full Trace Events 1 | . . . . 1 . Feedback Events 1 | . . . . 1 . Corruption 1 | . . . . 1 . Feedback Blocked . | . . . . . . Robot Schematics Acquired . | . . . . . . Robots Built . | . . . . . . Authchips . | . . . . . . Time . | . . . . . . Total Robot Build Rating . | . . . . . . Part Schematics Acquired 2 | . . . 2 . . Parts Built . | . . . . . . Authchips . | . . . . . . Time . | . . . . . . Total Part Build Rating . | . . . . . . Parts Repaired 2 | . 1 . 1 . . Time 58 | . 26 . 32 . . Parts Recycled . | . . . . . . Recycled Matter . | . . . . . . Retrieved Matter . | . . . . . . Retrieved Components . | . . . . . . Parts Scanalyzed 2 | . . . 2 . . Part Schematics Acquired 2 | . . . 2 . . Parts Damaged . | . . . . . . Bothacking | -11 -10 -10 -8 -7 -7 ------------ Run | Yrd Mat Sub Mat Fac Low Used RIF Installer . | . . . . . . Robots Hacked . | . . . . . . Non-combat . | . . . . . . Combat . | . . . . . . Robot Hacks Applied . | . . . . . . Relay Couplers Released . | . . . . . . Fabnet Peak Effective % . | . . . . . . Robots Rewired . | . . . . . . Allies Hacked . | . . . . . . Hacks Repelled . | . . . . . . Allies | -11 -10 -10 -8 -7 -7 -------- Run | Yrd Mat Sub Mat Fac Low Total Allies . | . . . . . . Largest Group . | . . . . . . Highest-Rated Group . | . . . . . . Highest-Rated Ally . | . . . . . . Total Orders . | . . . . . . Ally Attacks . | . . . . . . Total Damage . | . . . . . . Kills . | . . . . . . Allies Corrupted . | . . . . . . Allies Melted . | . . . . . . Intel | -11 -10 -10 -8 -7 -7 ------- Run | Yrd Mat Sub Mat Fac Low Robot Analysis Total . | . . . . . . Derelict Logs Recovered 1 | . . 1 . . . Drone Launches . | . . . . . . Drone Recoveries . | . . . . . . Exploration | -11 -10 -10 -8 -7 -7 ------------- Run | Yrd Mat Sub Mat Fac Low Turns Passed 6087 | 121 1326 1810 1077 955 798 Spaces Moved 4189 | 57 702 1608 706 567 549 Core 13 | 4 . 3 . . 6 Treads 61 | . . . . . 61 Legs 2325 | 53 702 483 38 567 482 Wheels 1790 | . . 1122 668 . . Hover . | . . . . . . Flight . | . . . . . . Fastest Speed 50 | 50 120 90 92 120 50 Average Speed 109 | 115 120 99 96 121 124 Slowest Speed 200 | 120 120 200 120 123 190 Overloaded Moves . | . . . . . . Propulsion Burnouts . | . . . . . . Robots Hopped . | . . . . . . Cave-ins Triggered . | . . . . . . Exploration Rate (%) 54 | 4 91 79 59 16 76 Regions Visited 5 Branch Regions 2 Pre-discovered Areas 2 | . . 2 . . . Known Exits Taken 1 | . . . . 1 . Unknown Exits Taken 4 | 1 1 1 1 . . Scrap Searched 12 | . . 8 . . 4 Spaces Dug 9 | . 1 . 4 4 . Terrain Destroyed 137 | . 1 3 14 44 75 Melee 1 | . 1 . . . . Projectile 26 | . . 3 14 9 . AOE 110 | . . . . 35 75 Terrain Rammed . | . . . . . . Walls Destroyed . | . . . . . . Machines Disabled . | . . . . . . Actions | -11 -10 -10 -8 -7 -7 --------- Run | Yrd Mat Sub Mat Fac Low Total 5316 | 87 1135 1750 996 728 620 Wait 732 | 7 380 52 197 68 28 Move 4184 | 56 701 1607 705 566 549 Hop . | . . . . . . Pick Up 29 | 6 4 9 7 1 2 Fast Attach 35 | 7 4 4 10 6 4 Attach 17 | . 1 8 4 1 3 Detach 6 | . 1 2 2 1 . Swap 24 | . 7 1 . 12 4 Drop 32 | . 10 6 4 10 2 Fire 215 | 11 26 61 52 48 17 Melee 40 | . 1 . 14 14 11 Ram 1 | . . . 1 . . Kick 1 | . . . . 1 . Crush . | . . . . . . Escape Stasis . | . . . . . . Rewire . | . . . . . . Trap . | . . . . . . Miscellaneous . | . . . . . . Route ------- -11/Scrapyard -10/Materials (discovered 6 exits: [*Mat x3] / *Min x2 / *Sub) -10/Subcaves (discovered 2 exits: *Mat x2) -8/Materials -7/Factory (discovered 3 exits: [*Fac] / *Low x2) -7/Lower Caves History --------- Turn | Location | Event 31 | -11/Scrapyard | Discovered new exit (range 16) 122 | -11/Scrapyard | Entered Materials 268 | -10/Materials | Discovered new exit (range 20) 268 | -10/Materials | Identified exit to Mines 316 | -10/Materials | Build established: Mutant 454 | -10/Materials | Discovered new exit (range 15) 884 | -10/Materials | Discovered new exit (range 12) 980 | -10/Materials | Repaired Lgt. Cannon 1082 | -10/Materials | Discovered new exit (range 15) 1448 | -10/Materials | Entered Subcaves 1500 | -10/Subcaves | Build established: Scavenger-Mutant 1580 | -10/Subcaves | Discovered new exit (range 11) 1601 | -10/Subcaves | Shifting Twisted Machinery released Shrapnel Trap 1694 | -10/Subcaves | Learned location of Zion (-6) 1694 | -10/Subcaves | Met a Zionite searching for "candidates" 2068 | -10/Subcaves | A Subdweller sparked back to life 2068 | -10/Subcaves | A Subdweller sparked back to life 2068 | -10/Subcaves | A Subdweller sparked back to life 2107 | -10/Subcaves | Found Prototype Energy Cannon 2107 | -10/Subcaves | Identified Powered Cannon 2108 | -10/Subcaves | Attached Powered Cannon, gained temporary slot: Power 2119 | -10/Subcaves | Lost 3 parts (2n1w) 2388 | -10/Subcaves | Build established: Mutant 2767 | -10/Subcaves | Core integrity fell below 50% 2861 | -10/Subcaves | Shifting Twisted Machinery released Piercing Trap 2878 | -10/Subcaves | Shifting Twisted Machinery released Mak. Spear 3147 | -10/Subcaves | Visited 4L-MR0's lab 3159 | -10/Subcaves | Found Meta Core 3161 | -10/Subcaves | Attached Meta Core, gained temporary slots: Propulsion, Utility, Weapon 3251 | -10/Subcaves | Discovered new exit (range 4) 3258 | -10/Subcaves | Entered Materials 3258 | -8/Materials | Evolved 4 slots: Propulsion x1, Utility x3 3309 | -8/Materials | Repaired Sub. Shrapnel Launcher 3769 | -8/Materials | Build established: Scavenger-Tank 4209 | -8/Materials | Lost 4 parts (1p1n1u1w) 4264 | -8/Materials | Discovered new exit (range 15) 4335 | -8/Materials | Entered Factory 4335 | -7/Factory | Evolved 2 slots: Propulsion x1, Utility x1 4540 | -7/Factory | Discovered new exit (range 11) 4575 | -7/Factory | Build established: Scavenger-Mutant 4663 | -7/Factory | Lost 4 parts (1n2u1w) 4970 | -7/Factory | Identified exit to Lower Caves 5290 | -7/Factory | Entered Lower Caves 5342 | -7/Lower Caves | Attracted the attention of an 0b10 checkpoint 5634 | -7/Lower Caves | Spotted B-75 Beast 5728 | -7/Lower Caves | Lost 3 parts (1n2u) 6056 | -7/Lower Caves | Core integrity fell below 50% 6081 | -7/Lower Caves | Core integrity fell below 20% 6088 | -7/Lower Caves | Destroyed by B-75 Beast with Magnetic Acceleration Cannon Last Messages --------------- 06046_ Gauss Cannon destroyed. 06046_ Knocked back. 06058_ Lgt. Treads destroyed. 06058_ Knocked back. 06058_ Gatling Laser destroyed. 06059_ B-75 Beast heat short circuits Imp. Cooling System. 06065_ System corrupted: Matter fused (-10). 06065_ Aluminum Leg destroyed. 06068_ Hvy. Ion Engine destroyed. 06068_ Knocked back. 06069_ Acquired 4 matter. 06072_ Overheating: System interference. 06072_ Sub. Shrapnel Launcher temporarily disabled. 06072_ Imp. Terrain Scan Processor temporarily disabled. 06076_ B-75 Beast suffers critical hit (Burn). 06077_ Sub. Shrapnel Launcher destroyed. 06080_ Pulse Rifle destroyed. 06080_ Hacking Suite destroyed. 06080_ Critical hit (Blast). 06081_ Acquired 4 matter. Map ----- +----------------------------------------------------+ | ??????????????????????????????????????????### | | ??????????????????????????????????????????# | | ??????????????????????????????????????????## | | ???????????????????????????????????????????## | | ????????????????????????????????????????????# | | ????????????????????????????????????????????## | | ?????????????????????????????????????????????## | | ??????????????????????????????????????????????## | | ???????????????????????????????????????????????# | | ??????????????????????????????????????????###### | | ??????????????????????????????????????????# | | ??????????????????????????????????????????# | | ?????????????????????????????????????????## | | ?????????????????????????????????????##### | | ?????????????????????????????????????# " # | | ?????????????????????????????????????# # | | ????????????????????????###???????#### | | ????????????????????????#%#???##### | | ????????????????????????# ##### %% | | ???????????????????????## ;## ## | | ??????????????????????## ## "# | | ???????????????????#### ## ##"" "# | | ?????????????????### ## ## "# | | ????????????????## ##;%% ; ##""" # | | ????????????????# ## ##" "" # | | ????????????????# ### ; @ ### ## | | ????????????????#####;;;BB #?# #### | | ????????????????????#; BB ####??## | | ???????????????????#; ## #??????# | | ???????????????????# ### ##??????### | | ?????????????????? ;### #####?????????# | | ????????????????? ;### #????????????? | | ???????????????? ## ## ##???????????? | | ???????????????#??# #???????????? | | ??????????????????# #???????##### | | ??????????????????#% ######### | | ????????????????? =%= ;;### ## # | | ????????????????? % ##### ## | | ??????????????????# #### #? | | ?????????????????????# #; ####? | | ??????????????????????? ### ## #???? | | ??????????????????????????## ##### ##???? | | ???????????????????????????##???## ##????# | | ???????????????????????????????## ####?????# | | ???????????????????????????????# #????????? | | ???????????????????????????????# ## ##????????? | | ???????????????????????????????###?# ##????????? | | ???????????????????????????????????# ##??????## | | ??????????????????????????????????## ##????## | | ?????????????????????????????????## ###### | +----------------------------------------------------+ Best States ------------- Heat Dissipation 48 Energy Generation 22 Energy Capacity 350 Matter Stores 300 Matter Capacity 300 Sight Range 21 Terrain Scan Range 16 Terrain Scan Density 110 ECM Strength 1 Armor Coverage 900 Evasion (%) 55 Targeting Accuracy 6 Target Analysis 5 Core Analysis 6 Recoil Reduction 1 Offensive Hacking 10 Item Schematics ----------------- Mak. Spear | -8/Materials | Scanalyzed Sub. Shrapnel Launcher | -8/Materials | Scanalyzed Robot Schematics ------------------ None Fabricated ------------ Nothing Alien Tech Used ----------------- None Achievements -------------- None Challenges ------------ None Game ------ Seed ProcessingAlphaPlating Manual? 0 Play Time 00:51:39 Cumulative 219.3 hours Start 2024.10.16 @ 18:11:42 End 2024.10.29 @ 19:38:07 Sessions 5 Manual Loads 0 Difficulty Rogue Special Mode None Game No. 173 Rogue 173 Adventurer 0 Explorer 0 Win Type - Total 1 Types 1/0/0/0/0/0/0/0/0 Lore% 43 Gallery% 61 Achievement% 41 Wizard Run 0 Options --------- Layout 0 ASCII 0 Keyboard 1 Movement Numpad Keybinds 0 Fullscreen 1 Font 12/Terminus Map View 83x54 Zoom Use 0% Tactical HUD 1 Map Filters NONE Filters NONE Steam 1 RUN: fa5efd44-0192-4eee-aa9f-9eb4982083d7